 Dungeon Crawl Stone Soup version 0.26-a0-808-g930a2b7adc (webtiles) character file.

Game seed: 1965107066742643386

398 EnegeticOcto the Skirmisher (level 6, -3/39 HPs)
             Began as a Gargoyle Summoner on Nov 12, 2020.
             Slain by an ogre
             ... wielding a cursed +0 giant club
              (23 damage)
             ... on level 4 of the Dungeon.
             The game lasted 00:05:14 (4952 turns).

EnegeticOcto the Skirmisher (Gargoyle Summoner)     Turns: 4952, Time: 00:05:15

Health: -3/39      AC: 11    Str: 13    XL:     6   Next: 83%
Magic:  18/18      EV: 10    Int: 15    God:
Gold:   28         SH:  0    Dex: 11    Spells: 8/9 levels left

rFire    . . .     SeeInvis .   a - +0 war axe
rCold    . . .     Faith    .   (no shield)
rNeg     + . .     Spirit   .   s - +0 ring mail
rPois    ∞         Reflect  .   (no helmet)
rElec    +         Harm     .   c - +0 cloak
rCorr    .         Rampage  .   (no gloves)
MR       .....                  u - +0 pair of boots
Stlth    +.........             (no amulet)
HPRegen  0.13/turn              h - ring of magical power
MPRegen  0.16/turn              (no ring)

@: no status effects
A: negative energy resistance 1, electricity resistance, unbreathing,
petrification resistance, rot immunity, AC +4
a: no special abilities


You were on level 4 of the Dungeon.
You visited 1 branch of the dungeon, and saw 4 of its levels.

You collected 127 gold pieces.
You spent 99 gold pieces at shops.

Inventory:

Hand Weapons
 a - a +0 war axe (weapon)
   (You found it on level 2 of the Dungeon)
 r - a +0 whip
   (You took it off a kobold on level 1 of the Dungeon)
Armour
 c - a +0 cloak (worn)
   (You found it on level 3 of the Dungeon)
 s - a +0 ring mail (worn)
   (You found it on level 1 of the Dungeon)
 u - a +0 pair of boots (worn)
   (You found it on level 3 of the Dungeon)
Jewellery
 h - a ring of magical power (left hand)
   (You found it on level 1 of the Dungeon)
Scrolls
 f - 3 scrolls of magic mapping {@r5 !r}
 i - 2 scrolls of teleportation {@r3 !r}
 k - 2 scrolls of remove curse {unknown}
 m - a scroll of fear {!r}
 n - 2 scrolls of enchant weapon {unknown}
 o - 3 scrolls of identify {unknown}
 q - a scroll of noise {unknown}
 t - 2 scrolls of random uselessness {unknown}
 v - a scroll of amnesia {unknown}
Potions
 b - 4 potions of flight {unknown}
 d - 2 potions of might {@q3 !q}
 e - a potion of lignification {unknown}
 g - 4 potions of invisibility {unknown}
 j - a potion of berserk rage {unknown}
 l - 3 potions of curing {unknown}
 p - 3 potions of attraction {unknown}
 x - a potion of brilliance {unknown}
 z - a potion of degeneration {unknown}
 A - 2 potions of cancellation {unknown}


   Skills:
 + Level 4.6 Fighting
 * Level 4.1 Axes
 - Level 0.5(2.8) Maces & Flails
 - Level 1.5 Dodging
 - Level 3.0 Stealth
 - Level 2.0 Spellcasting
 - Level 3.6 Summonings


You had 8 spell levels left.
You knew the following spells:

 Your Spells              Type           Power        Failure   Level
a - Summon Small Mammal   Summ           ##..         11%         1

Your spell library contained the following spells:

 Spells                   Type           Power        Failure   Level
 Call Imp                 Summ           ##......     17%         2
 Call Canine Familiar     Summ           ##......     32%         3
 Summon Guardian Golem    Hex/Summ       #.......     56%         3
 Summon Ice Beast         Ice/Summ       #.......     93%         4
 Summon Lightning Spire   Summ/Air       #.......     93%         4


Dungeon Overview and Level Annotations

Branches:
Dungeon (4/15)
 Temple: D:4-7

Altars:
Sif Muna

Shops:
D:4 (!=


Innate Abilities, Weirdness & Mutations

You are resistant to torment.
Your stone body is resilient. (AC +4)
You are immune to poison.
You resist negative energy. (rN+)
You are resistant to electric shocks. (rElec)
You can survive without breathing.
You are immune to petrification.
You are immune to rotting.


Message History

The ball python barely misses you. x2
The ball python bites you but does no damage.
The ball python grabs you. The ball python constricts you.
You barely miss the ball python.
The ball python bites you but does no damage.
The ball python constricts you.
You slash the ball python!
You kill the ball python!
No target in view!
No target in view!
No target in view!
No target in view!
No target in view!
No target in view!
No target in view!
There is an open door here.
Found 13 stones.
Found a stone staircase leading down.
i - 2 scrolls of teleportation {@r3 !r} (gained 1)
Found a stone staircase leading up.
A centaur skeleton comes into view.
A centaur skeleton is nearby!
A centaur skeleton is nearby!
You slash the centaur skeleton!
The centaur skeleton is moderately damaged.
The centaur skeleton hits you.
The centaur skeleton hits you but does no damage.
You hit the centaur skeleton.
The centaur skeleton is moderately damaged.
The centaur skeleton barely misses you. The centaur skeleton hits you.
You hit the centaur skeleton.
The centaur skeleton is moderately damaged.
The centaur skeleton hits you but does no damage.
You hit the centaur skeleton.
The centaur skeleton is severely damaged.
The centaur skeleton hits you but does no damage.
The centaur skeleton completely misses you.
You slash the centaur skeleton!
The centaur skeleton is almost destroyed.
The centaur skeleton hits you but does no damage.
The centaur skeleton completely misses you.
You slash the centaur skeleton!
You destroy the centaur skeleton!
No target in view!
No target in view!
No target in view!
You see here a stone.
You see here a stone.
There is a stone staircase leading down here.
There is an open door here.
Found 13 stones.
You see here 13 stones.
p - 3 cyan potions (gained 1)
Found 17 stones.
You see here 17 stones.
You see here a robe.
You see here a cursed -1 club.
An ogre is nearby!
The ogre shouts!
The ogre hits you with a cursed +0 giant club!!
You are too injured to fight recklessly!
You are too injured to fight recklessly!
You are too injured to fight recklessly!
You are too injured to fight recklessly!
You are too injured to fight recklessly!
You are too injured to fight recklessly!
You are too injured to fight recklessly!
You are too injured to fight recklessly!
You are too injured to fight recklessly!
You are too injured to fight recklessly!
You are too injured to fight recklessly!
You are too injured to fight recklessly!
You are too injured to fight recklessly!
You are too injured to fight recklessly!
You are too injured to fight recklessly!
You hit the ogre.
The ogre is lightly wounded.
The ogre misses you.
You hit the ogre.
The ogre is lightly wounded.
The ogre barely misses you.
You hit the ogre.
The ogre is moderately wounded.
The ogre hits you with a cursed +0 giant club!
* * * LOW HITPOINT WARNING * * *
You slash the ogre!
The ogre is severely wounded.
The ogre barely misses you.
You barely miss the ogre.
The ogre is severely wounded.
The ogre barely misses you.
You hit the ogre but do no damage.
The ogre is severely wounded.
The ogre hits you with a cursed +0 giant club.
* * * LOW HITPOINT WARNING * * *
Really quaff
w - a potion of heal wounds {@q2 !q}?
You feel much better.
The ogre hits you with a cursed +0 giant club!!
Ouch! That really hurt!
You die...

.......##.###.#.#.#.#.#
.......<...##.#.#.#.#.
......#..#.#.#.#.#.#.#
...(..#..#.##.#.#.#.#.
##########'#.#..#.#.#.#.#.#.#
#............#..#.##.#.#.#.#(
#............#..#.#.#.#.#.#.#
#...........O#..#.##.#.#.#(#.
#...........@#..#.#.#[#.#.#.#
#............#....##.#.#.#.#.
#...............###)#.#.#.#.#
#..................#.#.#.#.#.
#............######)#.#.#.#.#
#.................##.#.#.#.#.
#...........#####.#.#.#.#.#.#
##########.## ########### #.#


You could see an ogre.

Vanquished Creatures
  A scorpion (D:4)
  A hound (D:4)
  An orc wizard (D:4)
  2 centaur skeletons (D:4)
  A worker ant (D:4)
  4 gnolls
  A howler monkey skeleton (D:4)
  9 adders
  An ooze (D:4)
  An adder skeleton (D:4)
  4 dart slugs
  2 worms
  3 leopard geckos
  6 orcs
  3 giant cockroaches
  4 hobgoblins
  2 quokkas
  8 ball pythons
  4 bats
  3 frilled lizards
  3 goblins
  5 kobolds
  A rat (D:1)
70 creatures vanquished.

Vanquished Creatures (collateral kills)
  A dart slug (D:1)
1 creature vanquished.

Grand Total: 71 creatures vanquished

Notes
Turn   | Place    | Note
-------+----------+-------------------------------------------
     0 | D:1      | EnegeticOcto the Gargoyle Summoner began the quest for the
                  | Orb.
     0 | D:1      | Reached XP level 1. HP: 10/10 MP: 3/3
   277 | D:1      | Reached skill level 1 in Fighting
   277 | D:1      | Reached XP level 2. HP: 15/16 MP: 0/5
   446 | D:1      | Reached skill level 3 in Stealth
   769 | D:1      | Reached skill level 2 in Fighting
   863 | D:1      | Reached XP level 3. HP: 21/21 MP: 6/6
  1365 | D:2      | Noticed an ogre
  1964 | D:2      | Reached skill level 3 in Fighting
  2043 | D:2      | Reached XP level 4. HP: 28/28 MP: 7/7
  2079 | D:2      | Found a shimmering blue altar of Sif Muna.
  2202 | D:3      | Reached skill level 1 in Axes
  2964 | D:4      | Found Murr's Weapon Shop.
  2969 | D:4      | Found Uvvaphom's Distillery.
  3026 | D:4      | Reached XP level 5. HP: 11/32 MP: 8/8
  3239 | D:4      | Reached skill level 2 in Axes
  3397 | D:4      | Bought a potion of heal wounds for 55 gold pieces
  3397 | D:4      | Bought a potion of might for 44 gold pieces
  3671 | D:4      | Reached skill level 4 in Fighting
  3671 | D:4      | Reached skill level 3 in Axes
  3671 | D:4      | Reached XP level 6. HP: 22/38 MP: 9/9
  4377 | D:4      | Found Gaxzodd's Jewellery Emporium.
  4549 | D:4      | Reached skill level 4 in Axes
  4952 | D:4      | Slain by an ogre

Illustrated notes

Levels and vault maps discovered:
D:1:      dpeg_arrival_line_fractal, layout_loops_ring
D:2:      layout_basic, lemuel_doored_altar, chequers_serial_rivers_small_b,
          minmay_heptomino_h4
D:3:      layout_basic, minmay_misc_feat_x
D:4:      layout_basic, serial_shops, nicolae_shop_window_shopping,
          nicolae_shop_statue_plus, kennysheep_little_box, minmay_snake_closets

Skill      XL: |  1  2  3  4  5  6 |
---------------+-------------------+-----
Fighting       | 1 2 3 4 |  4.6
Stealth        | 3 |  3.0
Axes           | 1 3 4 |  4.1
Maces & Flails | |  0.5
Dodging        | |  1.5
Spellcasting   | |  2.0
Summonings     | |  3.6

Action                   |  1- 3 |  4- 6 || total
-------------------------+-------+-------++-------
Melee: Unarmed           |    16 |       ||    16
       Short sword       |    52 |       ||    52
       War axe           |    34 |   183 ||   217
       Whip              |     7 |       ||     7
 Cast: Summon Small Mamm |     7 |       ||     7
  Use: Scroll            |     1 |     2 ||     3
       Potion            |       |     1 ||     1
 Stab: Sleeping          |     7 |     2 ||     9
Armor: Robe              |    18 |       ||    18
       Ring mail         |    45 |   119 ||   164
Dodge: Dodged            |    73 |   122 ||   195

Table legend: (Time is in decaauts)
 A = Elapsed time spent in this place.
 B = Non-inter-level travel time spent in this place.
 C = Inter-level travel time spent in this place.
 D = Time resting spent in this place.
 E = Time spent auto-exploring this place.
 F = Levels seen in this place.
 G = Mean time per level.
                   A        B        C        D        E       F      G
               +--------+--------+--------+--------+--------+-----+--------+
         Total |   5041 |   4802 |    239 |    758 |   3228 |   4 | 1260.2 |
       Dungeon |   5041 |   4802 |    239 |    758 |   3228 |   4 | 1260.2 |
               +--------+--------+--------+--------+--------+-----+--------+

Top non-repeatable levels by time:
     D:4: 1820 daAuts
     D:1: 1574 daAuts
     D:3: 1105 daAuts
     D:2: 540 daAuts
